Canadiens vs Penguins

Created - November 12, 2017 at 22:19

Goals
1 2 3 OT1 SO T
Canadiens 0 3 2 0 3 6
Penguins 1 2 2 0 2 5
Shots
1 2 3 OT1 SO T
Canadiens 7 10 11 1 6 29
Penguins 7 11 13 2 6 33

1st period

1. Penguins , Steven Stamkos 8 (Dion Phaneuf 6) at 17:27

Penalties :
Devin Setoguchi (Mon) for Hooking (Minor) at 1:27, D.J King (Pit) for Charging (Minor) at 3:46, Maxim Kondratiev (Mon) for Head-butting (Major / Game Misconduct) at 6:26, Sidney Crosby (Mon) for Interference (Minor) at 14:48, Luke Schenn (Mon) for Hooking (Minor) at 19:39

2nd period

2. Penguins , Max Pacioretty 4 (Sam Gagner 8) at 3:55
3. Canadiens , Andrew Ebbett 3 (Kurt Sauer 2) at 11:29
4. Canadiens , Greg Stewart 7 (Vitaly Vishnevsky 3) at 11:48
5. Canadiens , Vitaly Vishnevsky 2 (Joe Pavelski 5, Sidney Crosby 9) at 11:55 (PP)
6. Penguins , Andrew Cogliano 5 (Duncan Keith 5, Bobby Ryan 14) at 17:03

Penalties :
Dion Phaneuf (Pit) for High sticking (Minor) at 11:51, Max Pacioretty (Pit) for Interference (Minor) at 17:54

3rd period

7. Canadiens , Jason Spezza 5 (Greg Stewart 8) at 2:25
8. Penguins , Steven Stamkos 9 (Bobby Ryan 15, Dion Phaneuf 7) at 13:22
9. Penguins , Sean Zimmerman 3 (Bobby Ryan 16, Steven Stamkos 20) at 16:59 (PP)
10. Canadiens , Greg Stewart 8 (Jason Spezza 9, Wes O'Neill 4) at 19:12 (PP)

Penalties :
Greg Stewart (Mon) for Slashing (Minor) at 4:45, Andrew Ebbett (Mon) for Elbowing (Minor) at 16:51, Steven Stamkos (Pit) for Roughing (Minor) at 18:33

Overtime #1

No Goal

Penalties :
No Penalty

Shootout

Penalty Shot by Sidney Crosby for Canadiens - Shot Misses the Net
Penalty Shot by Max Pacioretty for Penguins - Stopped by Jonathan Bernier
Penalty Shot by Joe Pavelski for Canadiens - Shot Hit the Post
Penalty Shot by Bobby Ryan for Penguins - Stopped by Jonathan Bernier
Penalty Shot by Patrick Sharp for Canadiens - Goal!
Penalty Shot by Steven Stamkos for Penguins - Goal!
Penalty Shot by Dustin Boyd for Canadiens - Shot Misses the Net
Penalty Shot by Brayden Schenn for Penguins - Shot Misses the Net
Penalty Shot by Andrew Ebbett for Canadiens - Goal!
Penalty Shot by Simon Gagné for Penguins - Goal!
Penalty Shot by Devin Setoguchi for Canadiens - Goal!
Penalty Shot by Nathan Horton for Penguins - Stopped by Jonathan Bernier

Penalties :
No Penalty

Goalie Stats

Jonathan Bernier (Mon), 28 saves from 33 shots - (0.848), W, 9-4-1, 64:33 minutes
Brian Elliott (Pit), 24 saves from 29 shots - (0.828), OTL, 7-4-2, 65:00 minutes

Players Stats for Canadiens

Player Name              G  A  P  +/- PIM S  H  SB GA TA FO     MP     PP MP  PK MP  
------------------------------------------------------------------------------------
Andrew Ebbett            1  0  1   1  2   1  1  0  0  0  1/2    11:27   0:00   4:36 
Brett Maclean            0  0  0   1  0   0  1  0  0  1  0/0     6:00   0:00   0:00 
David Jones              0  0  0  -1  0   1  1  0  0  0  1/2    14:02   0:00   3:56 
Dennis Wideman           0  0  0  -2  0   2  2  1  0  0  0/0    33:33   2:46   6:06 
Devin Setoguchi          0  0  0   0  2   0  1  0  0  0  0/1    13:24   2:07   0:10 
Dustin Boyd              0  0  0  -1  0   3  1  0  0  0  5/8    11:08   0:00   0:08 
Evgeny Dadonov           0  0  0  -1  0   2  1  1  0  1  1/2    12:47   0:00   0:39 
Greg Stewart             2  1  3   0  2   6  1  1  0  0  3/3    19:46   2:07   5:16 
Jason Spezza             1  1  2   0  0   2  1  0  0  1  8/28   20:49   2:07   6:39 
Joe Pavelski             0  1  1  -1  0   0  1  0  1  0  0/0    18:04   2:34   0:00 
Kurt Sauer               0  1  1   1  0   1  1  1  0  0  0/0    22:50   0:00   6:39 
Luke Schenn              0  0  0  -1  2   1  3  1  0  2  0/0    26:06   1:55   4:01 
Maxim Kondratiev         0  0  0   0  15  0  0  1  0  0  0/0     1:58   0:00   1:14 
Patrick Sharp            0  0  0  -1  0   2  3  0  1  1  2/4    22:02   2:34   2:20 
Sidney Crosby            0  1  1  -1  2   2  1  0  1  1  15/28  22:48   2:34   2:32 
Steven Goertzen          0  0  0   1  0   0  1  0  0  0  0/0     6:00   0:00   0:00 
Vitaly Vishnevsky        1  1  2   1  0   6  2  1  0  1  0/0    23:58   2:46   2:05 
Wes O'Neill              0  1  1  -1  0   0  1  1  0  0  0/0    20:09   1:55   5:51 

Players Stats for Penguins

Player Name              G  A  P  +/- PIM S  H  SB GA TA FO     MP     PP MP  PK MP  
------------------------------------------------------------------------------------
Andrew Cogliano          1  0  1   3  0   3  1  0  0  0  3/5    25:27   6:26   1:28 
Bobby Ryan               0  3  3   3  0   2  3  1  0  0  1/2    24:37   6:28   0:00 
Brayden Schenn           0  0  0   0  0   2  4  1  0  0  7/14   14:38   0:58   3:13 
D.J King                 0  0  0  -1  2   0  0  1  1  0  1/1     7:47   1:17   0:00 
Dion Phaneuf             0  2  2   1  2   5  4  1  1  0  0/0    31:46   7:21   2:39 
Duncan Keith             0  1  1   1  0   0  0  1  0  1  0/0    24:53   5:03   2:25 
Eric Gryba               0  0  0  -1  0   0  3  1  0  1  0/0    13:12   0:39   0:00 
Josef Vasicek            0  0  0  -1  0   2  0  0  0  0  1/3     6:24   0:21   0:00 
Justin Williams          0  0  0   0  0   0  0  0  0  1  0/1    10:13   1:17   0:00 
Keith Aulie              0  0  0   1  0   0  1  1  0  0  0/0    14:38   4:08   1:42 
Max Pacioretty           1  0  1  -1  2   1  3  2  0  0  0/0    16:43   5:11   0:00 
Nathan Horton            0  0  0  -1  0   1  0  0  2  0  0/0    18:06   5:14   0:59 
Nikita Alexeev           0  0  0  -1  0   2  1  0  0  0  0/2     5:40   0:04   0:00 
Paul Ranger              0  0  0  -2  0   1  0  0  1  0  0/0    12:07   1:35   0:12 
Sam Gagner               0  1  1  -1  0   4  1  1  0  0  12/17  19:02   5:12   0:29 
Sean Zimmerman           1  0  1   2  0   4  4  2  0  0  0/0    33:00   7:20   2:24 
Simon Gagné              0  0  0   0  0   1  0  1  0  0  0/0    12:15   0:09   3:13 
Steven Stamkos           2  1  3   3  2   5  2  1  3  0  17/33  24:47   6:32   0:00 

3 Stars

1 - Steven Stamkos (Pit)
2 - Bobby Ryan (Pit)
3 - Greg Stewart (Mon)

Power Play

Canadiens - 2 on 4 Attempt(s) - 50.00%
Penguins - 1 on 6 Attempt(s) - 16.67%

Penalty Kill

Canadiens - 5 on 6 Attempt(s) - 83.33% - Score 0 goal in Penalty Kill
Penguins - 2 on 4 Attempt(s) - 50.00% - Score 0 goal in Penalty Kill

Team Stat

Canadiens - Hits : 23 - Faceoff Wins : 36 - Blocked Shots : 8 - Penalty Minutes : 25
Penguins - Hits : 27 - Faceoff Wins : 42 - Blocked Shots : 14 - Penalty Minutes : 8

Official

Referees : StPierre Justin and Pochmara Brian
Linesman : Lyle Seitz and Pierre Racicot

Game Notes

Maxim Kondratiev ejected from game at 6:26 of 1st period
11:29 of 2nd period - Canadiens goal is going for a video replay. After video review, Goal.
Keith Aulie is injured at 18:29 of 2nd period (Fractured Bone in Right Hand)

Finance

Level 1 -- Attendance: 5933 (98.88%) -- Ticket Income $486,506
Level 2 -- Attendance: 5000 (100.00%) -- Ticket Income $225,000
Level 3 -- Attendance: 1977 (98.85%) -- Ticket Income $65,241
Level 4 -- Attendance: 3591 (89.78%) -- Ticket Income $89,775
Luxury Box -- Attendance: 820 (82.00%) -- Ticket Income $135,300
Game was played at the Igloo.
Total Attendance: 17321 (96.23%)
Total Ticket Income: $1,001,822
Other Income: $150,273
Total Income: $1,152,095

Canadiens

5 vs 5 Forward 
   Center                   Left Wing                Right Wing               Time % Phy DF OF 
 1 Sidney Crosby            Patrick Sharp            Joe Pavelski             40     1   2  2  
 2 Jason Spezza             Greg Stewart             Devin Setoguchi          30     1   2  2  
 3 Dustin Boyd              Evgeny Dadonov           David Jones              20     1   2  2  
 4 Andrew Ebbett            Brett Maclean            Steven Goertzen          10     1   2  2  

5 vs 5 Defense 
   Defense                  Defense                                           Time % Phy DF OF 
 1 Dennis Wideman           Luke Schenn                                       40     1   2  2  
 2 Vitaly Vishnevsky        Kurt Sauer                                        30     1   2  2  
 3 Wes O'Neill              Maxim Kondratiev                                  20     1   2  2  
 4 Vitaly Vishnevsky        Luke Schenn                                       10     1   2  2  

PowerPlay Forward 
   Center                   Left Wing                Right Wing               Time % Phy DF OF 
 1 Sidney Crosby            Patrick Sharp            Joe Pavelski             60     1   2  2  
 2 Jason Spezza             Greg Stewart             Devin Setoguchi          40     1   2  2  

PowerPlay Defense
   Defense                  Defense                                           Time % Phy DF OF 
 1 Dennis Wideman           Vitaly Vishnevsky                                 60     1   2  2  
 2 Wes O'Neill              Luke Schenn                                       40     1   2  2  

Penalty Kill 4 Players Forward 
   Center                   Wing                     Time % Phy DF OF 
 1 Jason Spezza             Greg Stewart             60     1   2  2  
 2 Andrew Ebbett            David Jones              40     1   2  2  

Penalty Kill 4 Players Defense
   Defense                  Defense                  Time % Phy DF OF 
 1 Kurt Sauer               Maxim Kondratiev         60     1   2  2  
 2 Wes O'Neill              Luke Schenn              40     1   2  2  

Penalty Kill - 3 Players Forward 
   Forward                                           Time % Phy DF OF 
 1 Jason Spezza                                      60     1   2  2  
 2 Andrew Ebbett                                     40     1   2  2  

Penalty Kill - 3 Players Defense
   Defense                  Defense                  Time % Phy DF OF 
 1 Kurt Sauer               Maxim Kondratiev         60     1   2  2  
 2 Wes O'Neill              Luke Schenn              40     1   2  2  

4 vs 4 Forward 
   Center                   Wing                     Time % Phy DF OF 
 1 Sidney Crosby            Evgeny Dadonov           60     1   2  2  
 2 Jason Spezza             Patrick Sharp            40     1   2  2  

4 vs 4 Defense
   Defense                  Defense                  Time % Phy DF OF 
 1 Vitaly Vishnevsky        Luke Schenn              60     1   2  2  
 2 Wes O'Neill              Kurt Sauer               40     1   2  2  

Last Minutes Offensive
   Center                   Left Wing                Right Wing               Defense                  Defense                  
   Sidney Crosby            Patrick Sharp            Joe Pavelski             Dennis Wideman           Vitaly Vishnevsky        

Last Minutes Defensive
   Center                   Left Wing                Right Wing               Defense                  Defense                  
   Jason Spezza             Patrick Sharp            Joe Pavelski             Kurt Sauer               Luke Schenn              

Goaltenders
Starting : Jonathan Bernier         
Backup : Mikael Tellqvist         

Extra Forwards
Normal : Dustin Boyd, Greg Stewart, Evgeny Dadonov - PP : Evgeny Dadonov, Brett Maclean - PK : Sidney Crosby
Extra Defensemen
Normal : Maxim Kondratiev, Vitaly Vishnevsky, Wes O'Neill - PP : Kurt Sauer - PK : Dennis Wideman, Vitaly Vishnevsky
Penalty Shots
Sidney Crosby, Joe Pavelski, Patrick Sharp, Dustin Boyd, Andrew Ebbett

Scratches
None

Penguins

5 vs 5 Forward 
   Center                   Left Wing                Right Wing               Time % Phy DF OF 
 1 Steven Stamkos           Andrew Cogliano          Bobby Ryan               40     0   2  3  
 2 Sam Gagner               Max Pacioretty           Nathan Horton            30     0   2  3  
 3 Brayden Schenn           Simon Gagné              Justin Williams          20     0   2  3  
 4 Josef Vasicek            D.J King                 Nikita Alexeev           10     0   2  3  

5 vs 5 Defense 
   Defense                  Defense                                           Time % Phy DF OF 
 1 Dion Phaneuf             Sean Zimmerman                                    45     1   2  2  
 2 Duncan Keith             Keith Aulie                                       33     1   2  2  
 3 Paul Ranger              Eric Gryba                                        22     1   2  2  
 4 Dion Phaneuf             Sean Zimmerman                                    0      1   2  2  

PowerPlay Forward 
   Center                   Left Wing                Right Wing               Time % Phy DF OF 
 1 Steven Stamkos           Andrew Cogliano          Bobby Ryan               60     0   1  4  
 2 Sam Gagner               Max Pacioretty           Nathan Horton            40     0   1  4  

PowerPlay Defense
   Defense                  Defense                                           Time % Phy DF OF 
 1 Dion Phaneuf             Sean Zimmerman                                    60     0   2  3  
 2 Duncan Keith             Keith Aulie                                       40     0   2  3  

Penalty Kill 4 Players Forward 
   Center                   Wing                     Time % Phy DF OF 
 1 Brayden Schenn           Simon Gagné              60     0   4  1  
 2 Andrew Cogliano          Nathan Horton            40     0   4  1  

Penalty Kill 4 Players Defense
   Defense                  Defense                  Time % Phy DF OF 
 1 Dion Phaneuf             Sean Zimmerman           60     1   4  0  
 2 Duncan Keith             Keith Aulie              40     1   4  0  

Penalty Kill - 3 Players Forward 
   Forward                                           Time % Phy DF OF 
 1 Brayden Schenn                                    60     0   4  1  
 2 Nathan Horton                                     40     0   4  1  

Penalty Kill - 3 Players Defense
   Defense                  Defense                  Time % Phy DF OF 
 1 Dion Phaneuf             Sean Zimmerman           60     1   4  0  
 2 Duncan Keith             Keith Aulie              40     1   4  0  

4 vs 4 Forward 
   Center                   Wing                     Time % Phy DF OF 
 1 Steven Stamkos           Bobby Ryan               60     0   2  3  
 2 Sam Gagner               Nathan Horton            40     0   2  3  

4 vs 4 Defense
   Defense                  Defense                  Time % Phy DF OF 
 1 Dion Phaneuf             Sean Zimmerman           60     1   2  2  
 2 Duncan Keith             Keith Aulie              40     1   2  2  

Last Minutes Offensive
   Center                   Left Wing                Right Wing               Defense                  Defense                  
   Steven Stamkos           Andrew Cogliano          Bobby Ryan               Dion Phaneuf             Sean Zimmerman           

Last Minutes Defensive
   Center                   Left Wing                Right Wing               Defense                  Defense                  
   Brayden Schenn           Andrew Cogliano          Nathan Horton            Dion Phaneuf             Sean Zimmerman           

Goaltenders
Starting : Brian Elliott            
Backup : Josh Tordjman            

Extra Forwards
Normal : Steven Stamkos, Sam Gagner, Brayden Schenn - PP : Andrew Cogliano, Max Pacioretty - PK : Simon Gagné
Extra Defensemen
Normal : Sean Zimmerman, Duncan Keith, Eric Gryba - PP : Paul Ranger - PK : Sean Zimmerman, Keith Aulie
Penalty Shots
Max Pacioretty, Bobby Ryan, Steven Stamkos, Brayden Schenn, Simon Gagné

Scratches
Brian McGrattan (Right Ankle Injury), Keith Aulie (Fractured Bone in Right Hand Injury)

% Time on Ice - Canadiens

Lines # - Real PCT - Wanted PCT - Time Play
Normal Forward
1 - 37% - 40% - 15:43
2 - 26% - 30% - 11:00
3 - 23% - 20% - 9:33
4 - 14% - 10% - 6:00
Normal Defense
1 - 39% - 40% - 16:38
2 - 32% - 30% - 13:29
3 - 26% - 20% - 10:52
4 - 3% - 10% - 1:17
PP Forward
1 - 55% - 60% - 2:34
2 - 45% - 40% - 2:07
PP Defense
1 - 59% - 60% - 2:46
2 - 41% - 40% - 1:55
PK Forward
1 - 70% - 60% - 9:07
2 - 30% - 40% - 3:56
PK Defense
1 - 61% - 60% - 8:00
2 - 39% - 40% - 5:03
PK3 Forward
1 - 0% - 60%
2 - 0% - 40%
PK3 Defense
1 - 0% - 60%
2 - 0% - 40%
44 Forward
1 - 80% - 60% - 4:01
2 - 20% - 40% - 0:59
44 Defense
1 - 60% - 60% - 2:59
2 - 40% - 40% - 2:01
Last Minute Offensive  - 0:00
Last Minute Defensive  - 0:00
Total
Forward - 65:00
Defense - 65:00

% Time on Ice - Penguins

Lines # - Real PCT - Wanted PCT - Time Play
Normal Forward
1 - 39% - 40% - 16:24
2 - 27% - 30% - 11:25
3 - 21% - 20% - 8:53
4 - 13% - 10% - 5:34
Normal Defense
1 - 42% - 45% - 17:54
2 - 37% - 33% - 15:35
3 - 21% - 22% - 8:47
4 - 0% - 0% - 0:00
PP Forward
1 - 58% - 60% - 7:31
2 - 42% - 40% - 5:32
PP Defense
1 - 56% - 60% - 7:21
2 - 44% - 40% - 5:42
PK Forward
1 - 79% - 60% - 3:42
2 - 21% - 40% - 0:59
PK Defense
1 - 44% - 60% - 2:04
2 - 56% - 40% - 2:37
PK3 Forward
1 - 0% - 60%
2 - 0% - 40%
PK3 Defense
1 - 0% - 60%
2 - 0% - 40%
44 Forward
1 - 91% - 60% - 4:32
2 - 9% - 40% - 0:28
44 Defense
1 - 25% - 60% - 1:15
2 - 75% - 40% - 3:45
Last Minute Offensive  - 0:00
Last Minute Defensive  - 0:00
Total
Forward - 65:00
Defense - 65:00

Play by Play

1st period


0:01 of 1st period - Sidney Crosby wins face-off versus Steven Stamkos in neutral zone.
0:26 of 1st period - Dion Phaneuf is hit by Greg Stewart and loses puck.
0:33 of 1st period - Snap shot by Greg Stewart.
0:33 of 1st period - Stopped by Brian Elliott without a rebound.
0:34 of 1st period - Brayden Schenn wins face-off versus Dustin Boyd in Penguins zone.
1:22 of 1st period - Wrist shot by Justin Williams.
1:22 of 1st period - Deflect By Simon Gagné.
1:22 of 1st period - Shot Misses the Net.
1:22 of 1st period - Puck is out of play.
1:23 of 1st period - Steven Stamkos wins face-off versus Jason Spezza in Canadiens zone.
1:27 of 1st period - Minor Penalty to Devin Setoguchi for Hooking.
1:28 of 1st period - Steven Stamkos wins face-off versus Jason Spezza in Canadiens zone.
3:27 of 1st period - Penalty to Devin Setoguchi is over, Devin Setoguchi is back on ice.
3:34 of 1st period - Duncan Keith is hit by Joe Pavelski and loses puck.
3:46 of 1st period - Minor Penalty to D.J King for Charging.
3:47 of 1st period - Sidney Crosby wins face-off versus Brayden Schenn in Penguins zone.
3:47 of 1st period - Wrist shot by Patrick Sharp.
3:47 of 1st period - Shot Blocked by Sean Zimmerman.
3:49 of 1st period - Wrist shot by Vitaly Vishnevsky.
3:49 of 1st period - Stopped by Brian Elliott without a rebound.
3:50 of 1st period - Patrick Sharp wins face-off versus Brayden Schenn in Penguins zone.
4:54 of 1st period - Icing by Greg Stewart.
4:55 of 1st period - Andrew Cogliano wins face-off versus Jason Spezza in Canadiens zone.
4:56 of 1st period - Wrist shot by Nathan Horton.
4:56 of 1st period - Shot Misses the Net.
5:46 of 1st period - Penalty to D.J King is over, D.J King is back on ice.
6:06 of 1st period - Wrist shot by Nikita Alexeev.
6:06 of 1st period - Stopped by Jonathan Bernier without a rebound.
6:07 of 1st period - D.J King wins face-off versus Jason Spezza in Canadiens zone.
6:08 of 1st period - Wrist shot by Nikita Alexeev.
6:08 of 1st period - Shot Blocked by Maxim Kondratiev.
6:26 of 1st period - Major / Game Misconduct Penalty to Maxim Kondratiev for Head-butting.
6:26 of 1st period - Maxim Kondratiev is ejected from game.
6:27 of 1st period - Steven Stamkos wins face-off versus Jason Spezza in Canadiens zone.
6:40 of 1st period - Slapshot by Jason Spezza.
6:40 of 1st period - Stopped by Brian Elliott with a rebound.
7:41 of 1st period - Keith Aulie is hit by Kurt Sauer and loses puck.
8:24 of 1st period - Sam Gagner is hit by Andrew Ebbett and loses puck.
8:37 of 1st period - Steven Stamkos is hit by Patrick Sharp and loses puck.
11:26 of 1st period - Penalty to Maxim Kondratiev is over, David Jones is send on ice.
12:40 of 1st period - Snap shot by Evgeny Dadonov.
12:40 of 1st period - Stopped by Brian Elliott without a rebound.
12:41 of 1st period - Evgeny Dadonov wins face-off versus Josef Vasicek in Penguins zone.
12:42 of 1st period - Slapshot by Brett Maclean.
12:42 of 1st period - Shot Blocked by D.J King.
13:05 of 1st period - Icing by Max Pacioretty.
13:06 of 1st period - Sam Gagner wins face-off versus Jason Spezza in Penguins zone.
13:11 of 1st period - Slapshot by Sean Zimmerman.
13:11 of 1st period - Shot Misses the Net.
13:23 of 1st period - Snap shot by Nathan Horton.
13:23 of 1st period - Stopped by Jonathan Bernier with a rebound.
13:40 of 1st period - Slapshot by Jason Spezza.
13:40 of 1st period - Shot Misses the Net.
13:42 of 1st period - Snap shot by Jason Spezza.
13:42 of 1st period - Shot Misses the Net.
13:44 of 1st period - Slapshot by Jason Spezza.
13:44 of 1st period - Shot Blocked by Sam Gagner.
13:46 of 1st period - Slapshot by Dennis Wideman.
13:46 of 1st period - Stopped by Brian Elliott without a rebound.
13:47 of 1st period - Bobby Ryan wins face-off versus Sidney Crosby in Penguins zone.
13:52 of 1st period - Slapshot by Dion Phaneuf.
13:52 of 1st period - Shot Misses the Net.
13:58 of 1st period - Dion Phaneuf is hit by Sidney Crosby and loses puck.
14:13 of 1st period - Kurt Sauer is hit by Brayden Schenn and loses puck.
14:26 of 1st period - Snap shot by Brayden Schenn.
14:26 of 1st period - Stopped by Jonathan Bernier without a rebound.
14:27 of 1st period - Sam Gagner wins face-off versus Sidney Crosby in Canadiens zone.
14:48 of 1st period - Minor Penalty to Sidney Crosby for Interference.
14:49 of 1st period - Steven Stamkos wins face-off versus Jason Spezza in Canadiens zone.
16:32 of 1st period - Icing by Keith Aulie.
16:33 of 1st period - Steven Stamkos wins face-off versus Jason Spezza in Penguins zone.
16:48 of 1st period - Penalty to Sidney Crosby is over, Sidney Crosby is back on ice.
16:56 of 1st period - Wrist shot by Josef Vasicek.
16:56 of 1st period - Stopped by Jonathan Bernier without a rebound.
16:57 of 1st period - Sidney Crosby wins face-off versus Josef Vasicek in Canadiens zone.
16:57 of 1st period - Sidney Crosby is hit by Eric Gryba.
17:07 of 1st period - Backhand shot by Nikita Alexeev.
17:07 of 1st period - Shot Blocked by Wes O'Neill.
17:09 of 1st period - Slapshot by Paul Ranger.
17:09 of 1st period - Stopped by Jonathan Bernier without a rebound.
17:10 of 1st period - Steven Stamkos wins face-off versus Sidney Crosby in Canadiens zone.
17:19 of 1st period - Wrist shot by Andrew Cogliano.
17:19 of 1st period - Stopped by Jonathan Bernier without a rebound.
17:20 of 1st period - Sidney Crosby wins face-off versus Steven Stamkos in Canadiens zone.
17:25 of 1st period - Snap shot by Steven Stamkos.
17:25 of 1st period - Shot Misses the Net.
17:27 of 1st period - Wrist shot by Steven Stamkos.
17:27 of 1st period - Goal by Steven Stamkos - Canadiens : 0 - Penguins : 1.
17:28 of 1st period - Sidney Crosby wins face-off versus Steven Stamkos in neutral zone.
17:31 of 1st period - Snap shot by Dennis Wideman.
17:31 of 1st period - Shot Blocked by Bobby Ryan.
17:33 of 1st period - Slapshot by Patrick Sharp.
17:33 of 1st period - Shot Misses the Net.
18:05 of 1st period - Off-side.
18:06 of 1st period - Sidney Crosby wins face-off versus Andrew Cogliano in neutral zone.
18:11 of 1st period - Wrist shot by Patrick Sharp.
18:11 of 1st period - Stopped by Brian Elliott with a rebound.
18:41 of 1st period - Slapshot by Dion Phaneuf.
18:41 of 1st period - Shot Misses the Net.
19:18 of 1st period - Slapshot by Steven Stamkos.
19:18 of 1st period - Shot Misses the Net.
19:39 of 1st period - Minor Penalty to Luke Schenn for Hooking.
19:40 of 1st period - Greg Stewart wins face-off versus Sam Gagner in Canadiens zone.
19:48 of 1st period - Slapshot by Greg Stewart.
19:48 of 1st period - Stopped by Brian Elliott with a rebound.
Goals for this period are 0 for Canadiens vs 1 for Penguins.
Shots for this period are 7 for Canadiens vs 7 for Penguins.

2nd period


0:01 of 2nd period - Jason Spezza wins face-off versus Steven Stamkos in neutral zone.
0:08 of 2nd period - Snap shot by Greg Stewart.
0:08 of 2nd period - Deflect By Sean Zimmerman.
0:08 of 2nd period - Shot Blocked by Steven Stamkos.
0:08 of 2nd period - Puck is out of play.
0:09 of 2nd period - Jason Spezza wins face-off versus Steven Stamkos in Penguins zone.
0:52 of 2nd period - Wrist shot by David Jones.
0:52 of 2nd period - Stopped by Brian Elliott with a rebound.
0:54 of 2nd period - Slapshot by Wes O'Neill.
0:54 of 2nd period - Shot Blocked by Sean Zimmerman.
0:56 of 2nd period - Snap shot by David Jones.
0:56 of 2nd period - Shot Misses the Net.
1:07 of 2nd period - Off-side.
1:08 of 2nd period - Sam Gagner wins face-off versus Jason Spezza in neutral zone.
1:39 of 2nd period - Penalty to Luke Schenn is over, Luke Schenn is back on ice.
1:39 of 2nd period - Wrist shot by Andrew Ebbett.
1:39 of 2nd period - Shot Misses the Net.
2:35 of 2nd period - Wrist shot by Nikita Alexeev.
2:35 of 2nd period - Stopped by Jonathan Bernier with a rebound.
2:37 of 2nd period - Slapshot by Paul Ranger.
2:37 of 2nd period - Deflect By Nikita Alexeev.
2:37 of 2nd period - Shot Misses the Net.
2:37 of 2nd period - Puck is out of play.
2:38 of 2nd period - Sidney Crosby wins face-off versus Nikita Alexeev in Canadiens zone.
2:47 of 2nd period - Snap shot by Sidney Crosby.
2:47 of 2nd period - Shot Hit the Post.
2:49 of 2nd period - Slapshot by Vitaly Vishnevsky.
2:49 of 2nd period - Shot Misses the Net.
2:51 of 2nd period - Slapshot by Luke Schenn.
2:51 of 2nd period - Stopped by Brian Elliott with a rebound.
3:10 of 2nd period - Snap shot by Steven Stamkos.
3:10 of 2nd period - Shot Blocked by Vitaly Vishnevsky.
3:34 of 2nd period - Slapshot by Vitaly Vishnevsky.
3:34 of 2nd period - Deflect By Dustin Boyd.
3:34 of 2nd period - Stopped by Brian Elliott without a rebound.
3:35 of 2nd period - Steven Stamkos wins face-off versus Patrick Sharp in Penguins zone.
3:35 of 2nd period - Steven Stamkos is hit by Patrick Sharp.
3:51 of 2nd period - Slapshot by Bobby Ryan.
3:51 of 2nd period - Stopped by Jonathan Bernier without a rebound.
3:52 of 2nd period - Sam Gagner wins face-off versus Jason Spezza in Canadiens zone.
3:55 of 2nd period - Wrist shot by Sam Gagner.
3:55 of 2nd period - Deflect By Max Pacioretty.
3:55 of 2nd period - Goal by Max Pacioretty - Canadiens : 0 - Penguins : 2.
3:56 of 2nd period - Steven Stamkos wins face-off versus Sidney Crosby in neutral zone.
3:59 of 2nd period - Wrist shot by Steven Stamkos.
3:59 of 2nd period - Shot Misses the Net.
4:23 of 2nd period - Devin Setoguchi is hit by Dion Phaneuf and loses puck.
5:08 of 2nd period - Snap shot by D.J King.
5:08 of 2nd period - Shot Hit the Post.
5:16 of 2nd period - D.J King is hit by Brett Maclean and loses puck.
5:27 of 2nd period - Wrist shot by Steven Stamkos.
5:27 of 2nd period - Stopped by Jonathan Bernier without a rebound.
5:28 of 2nd period - Sidney Crosby wins face-off versus Steven Stamkos in Canadiens zone.
5:54 of 2nd period - Greg Stewart is hit by Sam Gagner and loses puck.
6:19 of 2nd period - Snap shot by Simon Gagné.
6:19 of 2nd period - Shot Misses the Net.
6:21 of 2nd period - Snap shot by Dion Phaneuf.
6:21 of 2nd period - Shot Misses the Net.
6:23 of 2nd period - Slapshot by Sean Zimmerman.
6:23 of 2nd period - Shot Blocked by Evgeny Dadonov.
6:35 of 2nd period - Vitaly Vishnevsky is hit by Keith Aulie and loses puck.
6:58 of 2nd period - Icing by Sean Zimmerman.
6:59 of 2nd period - Andrew Cogliano wins face-off versus Sidney Crosby in Penguins zone.
7:04 of 2nd period - Sidney Crosby is hit by Andrew Cogliano and loses puck.
7:17 of 2nd period - Steven Stamkos is hit by Patrick Sharp and loses puck.
9:54 of 2nd period - Wrist shot by Steven Stamkos.
9:54 of 2nd period - Stopped by Jonathan Bernier without a rebound.
9:55 of 2nd period - Greg Stewart wins face-off versus Sam Gagner in Canadiens zone.
9:55 of 2nd period - Greg Stewart is hit by Max Pacioretty.
10:00 of 2nd period - Vitaly Vishnevsky is hit by Max Pacioretty and loses puck.
10:11 of 2nd period - Slapshot by Jason Spezza.
10:11 of 2nd period - Shot Misses the Net.
10:56 of 2nd period - Wrist shot by Josef Vasicek.
10:56 of 2nd period - Stopped by Jonathan Bernier without a rebound.
10:57 of 2nd period - Sam Gagner wins face-off versus Jason Spezza in Canadiens zone.
11:22 of 2nd period - Max Pacioretty is hit by Vitaly Vishnevsky and loses puck.
11:27 of 2nd period - Wrist shot by Andrew Ebbett.
11:27 of 2nd period - Shot Blocked by Max Pacioretty.
11:29 of 2nd period - Snap shot by Andrew Ebbett.
11:29 of 2nd period - Canadiens goal is going for a video replay.
11:29 of 2nd period - The goal is good.
11:29 of 2nd period - Goal by Andrew Ebbett - Canadiens : 1 - Penguins : 2.
11:30 of 2nd period - Sam Gagner wins face-off versus Jason Spezza in neutral zone.
11:35 of 2nd period - Slapshot by Sean Zimmerman.
11:35 of 2nd period - Stopped by Jonathan Bernier without a rebound.
11:36 of 2nd period - Greg Stewart wins face-off versus Sam Gagner in Canadiens zone.
11:36 of 2nd period - Greg Stewart is hit by Dion Phaneuf.
11:44 of 2nd period - Slapshot by Vitaly Vishnevsky.
11:44 of 2nd period - Stopped by Brian Elliott with a rebound.
11:46 of 2nd period - Slapshot by Greg Stewart.
11:46 of 2nd period - Shot Misses the Net.
11:48 of 2nd period - Snap shot by Greg Stewart.
11:48 of 2nd period - Goal by Greg Stewart - Canadiens : 2 - Penguins : 2.
11:49 of 2nd period - Sam Gagner wins face-off versus Jason Spezza in neutral zone.
11:51 of 2nd period - Minor Penalty to Dion Phaneuf for High sticking.
11:52 of 2nd period - Sidney Crosby wins face-off versus Brayden Schenn in Penguins zone.
11:55 of 2nd period - Slapshot by Vitaly Vishnevsky.
11:55 of 2nd period - Goal by Vitaly Vishnevsky - Canadiens : 3 - Penguins : 2.
11:56 of 2nd period - Sam Gagner wins face-off versus Jason Spezza in neutral zone.
12:07 of 2nd period - Snap shot by Nathan Horton.
12:07 of 2nd period - Shot Misses the Net.
12:09 of 2nd period - Slapshot by Dion Phaneuf.
12:09 of 2nd period - Stopped by Jonathan Bernier with a rebound.
12:11 of 2nd period - Slapshot by Dion Phaneuf.
12:11 of 2nd period - Stopped by Jonathan Bernier with a rebound.
12:41 of 2nd period - Icing by Eric Gryba.
12:42 of 2nd period - David Jones wins face-off versus Justin Williams in Penguins zone.
12:57 of 2nd period - Wrist shot by Brayden Schenn.
12:57 of 2nd period - Shot Misses the Net.
13:36 of 2nd period - Slapshot by Steven Stamkos.
13:36 of 2nd period - Shot Blocked by Luke Schenn.
13:38 of 2nd period - Snap shot by Bobby Ryan.
13:38 of 2nd period - Stopped by Jonathan Bernier without a rebound.
13:39 of 2nd period - Jason Spezza wins face-off versus Steven Stamkos in Canadiens zone.
14:04 of 2nd period - Sidney Crosby is hit by Eric Gryba.
14:28 of 2nd period - Snap shot by David Jones.
14:28 of 2nd period - Shot Blocked by Brayden Schenn.
14:30 of 2nd period - Wrist shot by Evgeny Dadonov.
14:30 of 2nd period - Deflect By Dustin Boyd.
14:30 of 2nd period - Deflect By Duncan Keith.
14:30 of 2nd period - Stopped by Brian Elliott with a rebound.
14:32 of 2nd period - Snap shot by David Jones.
14:32 of 2nd period - Deflect By Evgeny Dadonov.
14:32 of 2nd period - Stopped by Brian Elliott without a rebound.
14:33 of 2nd period - Steven Stamkos wins face-off versus Jason Spezza in Penguins zone.
14:42 of 2nd period - Snap shot by Devin Setoguchi.
14:42 of 2nd period - Shot Hit the Post.
14:44 of 2nd period - Snap shot by Greg Stewart.
14:44 of 2nd period - Shot Misses the Net.
14:46 of 2nd period - Slapshot by Vitaly Vishnevsky.
14:46 of 2nd period - Shot Misses the Net.
14:58 of 2nd period - Joe Pavelski is hit by Sean Zimmerman and loses puck.
15:18 of 2nd period - Icing by Patrick Sharp.
15:19 of 2nd period - Sidney Crosby wins face-off versus Brayden Schenn in Canadiens zone.
16:09 of 2nd period - Off-side.
16:10 of 2nd period - Josef Vasicek wins face-off versus Sidney Crosby in neutral zone.
16:17 of 2nd period - Vitaly Vishnevsky is hit by Sean Zimmerman and loses puck.
16:57 of 2nd period - Icing by Sidney Crosby.
16:58 of 2nd period - Steven Stamkos wins face-off versus Jason Spezza in Canadiens zone.
16:59 of 2nd period - Snap shot by Bobby Ryan.
16:59 of 2nd period - Shot Misses the Net.
17:01 of 2nd period - Slapshot by Duncan Keith.
17:01 of 2nd period - Shot Blocked by Greg Stewart.
17:03 of 2nd period - Snap shot by Andrew Cogliano.
17:03 of 2nd period - Goal by Andrew Cogliano - Canadiens : 3 - Penguins : 3.
17:04 of 2nd period - Jason Spezza wins face-off versus Steven Stamkos in neutral zone.
17:19 of 2nd period - Wrist shot by Devin Setoguchi.
17:19 of 2nd period - Shot Blocked by Dion Phaneuf.
17:54 of 2nd period - Minor Penalty to Max Pacioretty for Interference.
17:55 of 2nd period - Brayden Schenn wins face-off versus Sidney Crosby in Penguins zone.
18:06 of 2nd period - Patrick Sharp is hit by Brayden Schenn and loses puck.
18:27 of 2nd period - Snap shot by Vitaly Vishnevsky.
18:27 of 2nd period - Stopped by Brian Elliott with a rebound.
18:29 of 2nd period - Slapshot by Wes O'Neill.
18:29 of 2nd period - Shot Blocked by Keith Aulie.
18:29 of 2nd period - Keith Aulie from Penguins is injured at 18:29 of 2nd period (Fractured Bone in Right Hand).
18:30 of 2nd period - Brayden Schenn wins face-off versus Sidney Crosby in Penguins zone.
19:40 of 2nd period - Devin Setoguchi is hit by Sean Zimmerman and loses puck.
19:54 of 2nd period - Penalty to Max Pacioretty is over, Max Pacioretty is back on ice.
Goals for this period are 3 for Canadiens vs 2 for Penguins.
Shots for this period are 10 for Canadiens vs 11 for Penguins.

3rd period


0:01 of 3rd period - Sidney Crosby wins face-off versus Steven Stamkos in neutral zone.
0:26 of 3rd period - Dion Phaneuf is hit by Dennis Wideman and loses puck.
0:53 of 3rd period - Snap shot by D.J King.
0:53 of 3rd period - Shot Misses the Net.
1:40 of 3rd period - Steven Goertzen is hit by Bobby Ryan and loses puck.
2:01 of 3rd period - Dion Phaneuf is hit by David Jones and loses puck.
2:16 of 3rd period - Nikita Alexeev is hit by Devin Setoguchi and loses puck.
2:25 of 3rd period - Wrist shot by Jason Spezza.
2:25 of 3rd period - Goal by Jason Spezza - Canadiens : 4 - Penguins : 3.
2:26 of 3rd period - Sidney Crosby wins face-off versus Steven Stamkos in neutral zone.
3:21 of 3rd period - Snap shot by Nathan Horton.
3:21 of 3rd period - Deflect By Devin Setoguchi.
3:21 of 3rd period - Shot Misses the Net.
3:21 of 3rd period - Puck is out of play.
3:22 of 3rd period - Sam Gagner wins face-off versus Patrick Sharp in Canadiens zone.
3:25 of 3rd period - Wrist shot by Sam Gagner.
3:25 of 3rd period - Stopped by Jonathan Bernier without a rebound.
3:26 of 3rd period - Sam Gagner wins face-off versus Sidney Crosby in Canadiens zone.
3:52 of 3rd period - Wrist shot by Patrick Sharp.
3:52 of 3rd period - Stopped by Brian Elliott without a rebound.
3:53 of 3rd period - Jason Spezza wins face-off versus Brayden Schenn in Penguins zone.
3:54 of 3rd period - Slapshot by Greg Stewart.
3:54 of 3rd period - Shot Blocked by Simon Gagné.
3:56 of 3rd period - Wrist shot by Greg Stewart.
3:56 of 3rd period - Stopped by Brian Elliott without a rebound.
3:57 of 3rd period - Steven Stamkos wins face-off versus Jason Spezza in Penguins zone.
4:09 of 3rd period - Off-side.
4:10 of 3rd period - Sidney Crosby wins face-off versus Andrew Cogliano in neutral zone.
4:13 of 3rd period - Wrist shot by Sidney Crosby.
4:13 of 3rd period - Shot Misses the Net.
4:25 of 3rd period - Snap shot by Joe Pavelski.
4:25 of 3rd period - Deflect By Sidney Crosby.
4:25 of 3rd period - Stopped by Brian Elliott without a rebound.
4:26 of 3rd period - Sam Gagner wins face-off versus Devin Setoguchi in Penguins zone.
4:26 of 3rd period - Sam Gagner is hit by Dennis Wideman.
4:45 of 3rd period - Minor Penalty to Greg Stewart for Slashing.
4:46 of 3rd period - Jason Spezza wins face-off versus Steven Stamkos in Canadiens zone.
4:56 of 3rd period - Slapshot by Dion Phaneuf.
4:56 of 3rd period - Stopped by Jonathan Bernier without a rebound.
4:57 of 3rd period - Sidney Crosby wins face-off versus Steven Stamkos in Canadiens zone.
5:05 of 3rd period - Off-side.
5:06 of 3rd period - Jason Spezza wins face-off versus Steven Stamkos in neutral zone.
5:09 of 3rd period - Backhand shot by Kurt Sauer.
5:09 of 3rd period - Stopped by Brian Elliott with a rebound.
5:11 of 3rd period - Slapshot by Dennis Wideman.
5:11 of 3rd period - Stopped by Brian Elliott without a rebound.
5:12 of 3rd period - Andrew Cogliano wins face-off versus Jason Spezza in Penguins zone.
5:17 of 3rd period - Sidney Crosby is hit by Sean Zimmerman and loses puck.
5:26 of 3rd period - Wrist shot by Bobby Ryan.
5:26 of 3rd period - Shot Blocked by Kurt Sauer.
5:28 of 3rd period - Slapshot by Sean Zimmerman.
5:28 of 3rd period - Stopped by Jonathan Bernier with a rebound.
6:34 of 3rd period - Snap shot by Andrew Ebbett.
6:34 of 3rd period - Shot Blocked by Duncan Keith.
6:45 of 3rd period - Penalty to Greg Stewart is over, Greg Stewart is back on ice.
6:45 of 3rd period - Icing by Steven Stamkos.
6:46 of 3rd period - Steven Stamkos wins face-off versus Andrew Ebbett in Penguins zone.
6:46 of 3rd period - Steven Stamkos is hit by Steven Goertzen.
7:03 of 3rd period - Off-side.
7:04 of 3rd period - Brayden Schenn wins face-off versus Dustin Boyd in neutral zone.
7:13 of 3rd period - Slapshot by Brayden Schenn.
7:13 of 3rd period - Deflect By Dennis Wideman.
7:13 of 3rd period - Stopped by Jonathan Bernier without a rebound.
7:14 of 3rd period - Patrick Sharp wins face-off versus Bobby Ryan in Canadiens zone.
7:14 of 3rd period - Patrick Sharp is hit by Steven Stamkos.
7:28 of 3rd period - Wrist shot by Patrick Sharp.
7:28 of 3rd period - Shot Misses the Net.
8:12 of 3rd period - Wrist shot by Evgeny Dadonov.
8:12 of 3rd period - Shot Misses the Net.
8:28 of 3rd period - Backhand shot by Sidney Crosby.
8:28 of 3rd period - Stopped by Brian Elliott with a rebound.
8:37 of 3rd period - Wrist shot by Simon Gagné.
8:37 of 3rd period - Deflect By Brayden Schenn.
8:37 of 3rd period - Shot Misses the Net.
8:37 of 3rd period - Puck is out of play.
8:38 of 3rd period - Jason Spezza wins face-off versus Steven Stamkos in Canadiens zone.
9:05 of 3rd period - Slapshot by Vitaly Vishnevsky.
9:05 of 3rd period - Stopped by Brian Elliott without a rebound.
9:06 of 3rd period - Sam Gagner wins face-off versus Sidney Crosby in Penguins zone.
9:31 of 3rd period - Andrew Cogliano is hit by Jason Spezza and loses puck.
9:45 of 3rd period - Greg Stewart is hit by Bobby Ryan and loses puck.
10:03 of 3rd period - Sean Zimmerman is hit by Evgeny Dadonov and loses puck.
10:30 of 3rd period - Andrew Ebbett is hit by Dion Phaneuf.
10:44 of 3rd period - Sidney Crosby is hit by Nikita Alexeev and loses puck.
11:24 of 3rd period - Off-side.
11:25 of 3rd period - Brayden Schenn wins face-off versus Jason Spezza in neutral zone.
11:36 of 3rd period - Slapshot by Simon Gagné.
11:36 of 3rd period - Stopped by Jonathan Bernier with a rebound.
11:38 of 3rd period - Slapshot by Eric Gryba.
11:38 of 3rd period - Shot Misses the Net.
11:50 of 3rd period - David Jones is hit by Eric Gryba and loses puck.
12:36 of 3rd period - Snap shot by Jason Spezza.
12:36 of 3rd period - Shot Misses the Net.
12:54 of 3rd period - Patrick Sharp is hit by Brayden Schenn.
13:16 of 3rd period - Wrist shot by Steven Stamkos.
13:16 of 3rd period - Stopped by Jonathan Bernier with a rebound.
13:18 of 3rd period - Snap shot by Dion Phaneuf.
13:18 of 3rd period - Stopped by Jonathan Bernier with a rebound.
13:20 of 3rd period - Snap shot by Bobby Ryan.
13:20 of 3rd period - Shot Misses the Net.
13:22 of 3rd period - Slapshot by Steven Stamkos.
13:22 of 3rd period - Goal by Steven Stamkos - Canadiens : 4 - Penguins : 4.
13:23 of 3rd period - Steven Stamkos wins face-off versus Sidney Crosby in neutral zone.
13:50 of 3rd period - Max Pacioretty is hit by Luke Schenn.
13:54 of 3rd period - Devin Setoguchi is hit by Max Pacioretty.
14:01 of 3rd period - Icing by Duncan Keith.
14:02 of 3rd period - Dustin Boyd wins face-off versus Sam Gagner in Penguins zone.
14:05 of 3rd period - Snap shot by Evgeny Dadonov.
14:05 of 3rd period - Shot Blocked by Max Pacioretty.
14:18 of 3rd period - Icing by Wes O'Neill.
14:19 of 3rd period - Steven Stamkos wins face-off versus David Jones in Canadiens zone.
14:34 of 3rd period - Slapshot by Steven Stamkos.
14:34 of 3rd period - Shot Blocked by Dennis Wideman.
14:46 of 3rd period - Slapshot by Sam Gagner.
14:46 of 3rd period - Stopped by Jonathan Bernier without a rebound.
14:47 of 3rd period - Sidney Crosby wins face-off versus Sam Gagner in Canadiens zone.
15:34 of 3rd period - Snap shot by Dustin Boyd.
15:34 of 3rd period - Stopped by Brian Elliott without a rebound.
15:35 of 3rd period - Dustin Boyd wins face-off versus Steven Stamkos in Penguins zone.
15:40 of 3rd period - Snap shot by David Jones.
15:40 of 3rd period - Deflect By Eric Gryba.
15:40 of 3rd period - Shot Misses the Net.
15:40 of 3rd period - Puck is out of play.
15:41 of 3rd period - Dustin Boyd wins face-off versus Brayden Schenn in Penguins zone.
15:44 of 3rd period - Snap shot by Evgeny Dadonov.
15:44 of 3rd period - Shot Blocked by Eric Gryba.
15:52 of 3rd period - Snap shot by Evgeny Dadonov.
15:52 of 3rd period - Deflect By Dustin Boyd.
15:52 of 3rd period - Shot Misses the Net.
15:52 of 3rd period - Puck is out of play.
15:53 of 3rd period - Brayden Schenn wins face-off versus Dustin Boyd in Penguins zone.
15:53 of 3rd period - Brayden Schenn is hit by Luke Schenn.
16:27 of 3rd period - Snap shot by Andrew Cogliano.
16:27 of 3rd period - Stopped by Jonathan Bernier with a rebound.
16:29 of 3rd period - Slapshot by Sean Zimmerman.
16:29 of 3rd period - Stopped by Jonathan Bernier with a rebound.
16:49 of 3rd period - Wrist shot by Sam Gagner.
16:49 of 3rd period - Stopped by Jonathan Bernier with a rebound.
16:51 of 3rd period - Minor Penalty to Andrew Ebbett for Elbowing.
16:52 of 3rd period - Steven Stamkos wins face-off versus Jason Spezza in Canadiens zone.
16:57 of 3rd period - Snap shot by Bobby Ryan.
16:57 of 3rd period - Shot Misses the Net.
16:59 of 3rd period - Slapshot by Sean Zimmerman.
16:59 of 3rd period - Goal by Sean Zimmerman - Canadiens : 4 - Penguins : 5.
17:00 of 3rd period - Dustin Boyd wins face-off versus Brayden Schenn in neutral zone.
17:13 of 3rd period - Dustin Boyd is hit by Brayden Schenn and loses puck.
17:33 of 3rd period - Slapshot by Vitaly Vishnevsky.
17:33 of 3rd period - Stopped by Brian Elliott without a rebound.
17:34 of 3rd period - Andrew Ebbett wins face-off versus Steven Stamkos in Penguins zone.
17:57 of 3rd period - Steven Goertzen is hit by Bobby Ryan and loses puck.
18:29 of 3rd period - Luke Schenn is hit by Steven Stamkos and loses puck.
18:33 of 3rd period - Minor Penalty to Steven Stamkos for Roughing.
18:34 of 3rd period - Brayden Schenn wins face-off versus Sidney Crosby in Penguins zone.
18:45 of 3rd period - Canadiens, Jonathan Bernier is pulled from the net.
18:45 of 3rd period - Slapshot by Dennis Wideman.
18:45 of 3rd period - Shot Misses the Net.
19:12 of 3rd period - Wrist shot by Greg Stewart.
19:12 of 3rd period - Goal by Greg Stewart - Canadiens : 5 - Penguins : 5.
19:12 of 3rd period - Jonathan Bernier from Canadiens was sent back in the game.
19:13 of 3rd period - Dustin Boyd wins face-off versus Nikita Alexeev in neutral zone.
Goals for this period are 2 for Canadiens vs 2 for Penguins.
Shots for this period are 11 for Canadiens vs 13 for Penguins.

Overtime #1


0:01 of 1st overtime period - Steven Stamkos wins face-off versus Sidney Crosby in neutral zone.
0:08 of 1st overtime period - Sean Zimmerman is hit by Luke Schenn and loses puck.
0:17 of 1st overtime period - Slapshot by Dion Phaneuf.
0:17 of 1st overtime period - Stopped by Jonathan Bernier with a rebound.
0:51 of 1st overtime period - Snap shot by Sam Gagner.
0:51 of 1st overtime period - Stopped by Jonathan Bernier without a rebound.
0:52 of 1st overtime period - Steven Stamkos wins face-off versus Evgeny Dadonov in Canadiens zone.
1:21 of 1st overtime period - Nathan Horton is hit by Vitaly Vishnevsky and loses puck.
1:40 of 1st overtime period - Bobby Ryan is hit by Dustin Boyd and loses puck.
1:51 of 1st overtime period - Snap shot by Greg Stewart.
1:51 of 1st overtime period - Stopped by Brian Elliott with a rebound.
2:51 of 1st overtime period - Dustin Boyd is hit by Dion Phaneuf and loses puck.
3:16 of 1st overtime period - Andrew Cogliano is hit by Wes O'Neill and loses puck.
Goals for this period are 0 for Canadiens vs 0 for Penguins.
Shots for this period are 1 for Canadiens vs 2 for Penguins.

ShootOut


5:00 of 1st overtime period - Penalty Shot by Sidney Crosby for Canadiens.
5:00 of 1st overtime period - Deke by Sidney Crosby.
5:00 of 1st overtime period - Shot Misses the Net.
5:00 of 1st overtime period - Penalty Shot by Max Pacioretty for Penguins.
5:00 of 1st overtime period - Deke by Max Pacioretty.
5:00 of 1st overtime period - Stopped by Jonathan Bernier.
5:00 of 1st overtime period - Penalty Shot by Joe Pavelski for Canadiens.
5:00 of 1st overtime period - Snap shot by Joe Pavelski.
5:00 of 1st overtime period - Shot Hit the Post.
5:00 of 1st overtime period - Penalty Shot by Bobby Ryan for Penguins.
5:00 of 1st overtime period - Snap shot by Bobby Ryan.
5:00 of 1st overtime period - Stopped by Jonathan Bernier.
5:00 of 1st overtime period - Penalty Shot by Patrick Sharp for Canadiens.
5:00 of 1st overtime period - Deke by Patrick Sharp.
5:00 of 1st overtime period - Goal by Patrick Sharp.
5:00 of 1st overtime period - Penalty Shot by Steven Stamkos for Penguins.
5:00 of 1st overtime period - Snap shot by Steven Stamkos.
5:00 of 1st overtime period - Goal by Steven Stamkos.
5:00 of 1st overtime period - Penalty Shot by Dustin Boyd for Canadiens.
5:00 of 1st overtime period - Snap shot by Dustin Boyd.
5:00 of 1st overtime period - Shot Misses the Net.
5:00 of 1st overtime period - Penalty Shot by Brayden Schenn for Penguins.
5:00 of 1st overtime period - Snap shot by Brayden Schenn.
5:00 of 1st overtime period - Shot Misses the Net.
5:00 of 1st overtime period - Penalty Shot by Andrew Ebbett for Canadiens.
5:00 of 1st overtime period - Snap shot by Andrew Ebbett.
5:00 of 1st overtime period - Goal by Andrew Ebbett.
5:00 of 1st overtime period - Penalty Shot by Simon Gagné for Penguins.
5:00 of 1st overtime period - Snap shot by Simon Gagné.
5:00 of 1st overtime period - Goal by Simon Gagné.
5:00 of 1st overtime period - Penalty Shot by Devin Setoguchi for Canadiens.
5:00 of 1st overtime period - Backhand shot by Devin Setoguchi.
5:00 of 1st overtime period - Goal by Devin Setoguchi.
5:00 of 1st overtime period - Penalty Shot by Nathan Horton for Penguins.
5:00 of 1st overtime period - Backhand shot by Nathan Horton.
5:00 of 1st overtime period - Stopped by Jonathan Bernier.